 Dungeon Crawl Stone Soup version 0.29-a0-414-g5075937ec3 (webtiles) character file.

Game seed: 2290331937270406801

221 xian the Ruffian (level 5, -12/42 HPs)
             Began as a Ghoul Gladiator on May 15, 2022.
             Mangled by an orc
             ... wielding a +2 short sword of electrocution
              (17 damage)
             ... on level 3 of the Dungeon.
             The game lasted 00:09:28 (3101 turns).

xian the Ruffian (Ghoul Gladiator)                  Turns: 3101, Time: 00:09:29

Health: -12/42     AC:  4    Str: 20    XL:     5   Next: 98%
Magic:  4/4        EV: 12    Int:  3    God:
Gold:   222        SH:  0    Dex: 10    Spells: 4/4 levels left

rFire   . . .      SeeInvis .     - Unarmed
rCold   + . .      Faith    .   (no shield)
rNeg    + + +      Spirit   .   a - +0 leather armour
rPois   ∞          Reflect  .   b - +0 helmet
rElec   .          Harm     .   (no cloak)
rCorr   .          Rampage  .   (no gloves)
Will    .....                   (no boots)
Stlth   +.........              (no amulet)
HPRegen 0.00/turn               (no ring)
MPRegen 0.09/turn               (no ring)

@: about to teleport, inhibited regen
A: claws 1, cold resistance 1, negative energy resistance 3, inhibited
regeneration, torment resistance 2, devour on kill
a: no special abilities


You were on level 3 of the Dungeon.
You visited 1 branch of the dungeon, and saw 3 of its levels.

You collected 222 gold pieces.

Inventory:

Missiles
 c - 2 throwing nets (quivered)
 d - 7 javelins
Armour
 a - a +0 leather armour (worn)
 b - a +0 helmet (worn)
Scrolls
 f - a scroll of enchant weapon {unknown}
 g - 4 scrolls of identify
 i - 3 scrolls of poison
 k - a scroll of amnesia {unknown}
 o - a scroll of immolation {unknown}
Potions
 e - 3 potions of curing {unknown}
 j - a potion of might {unknown}
 l - a potion of magic {unknown}
 m - 2 potions of heal wounds {unknown}
 n - a potion of degeneration {unknown}
 p - a potion of mutation {unknown}
 q - 2 potions of haste {unknown}


   Skills:
 + Level 2.7 Fighting
 + Level 2.1 Throwing
 + Level 1.9 Armour
 + Level 3.6 Dodging
 + Level 0.2 Stealth
 + Level 5.2 Unarmed Combat


You had 4 spell levels left.
You didn't know any spells.
Your spell library contained the following spells:

 Spells                   Type           Power      Damage    Failure   Level
 Ensorcelled Hibernation  Hex/Ice        0%         N/A       71%         2
 Passwall                 Tmut/Erth      0%         N/A       71%         2
 Swiftness                Air            0%         N/A       91%         3


Dungeon Overview and Level Annotations

Branches:
Dungeon (3/15)

Altars:
Hepliaklqana


Innate Abilities, Weirdness & Mutations

You are immune to poison.
You have sharp fingernails.
Your flesh is cold resistant. (rC+)
You are immune to negative energy. (rN+++)
You do not regenerate when monsters are visible.
You are immune to unholy pain and torment.
You thrive by killing the living.


Message History

Things that are here:
a +0 flail; a +0 dagger
Things that are here:
a +0 dagger; 4 stones
Found a book of Burglary.
q - 2 purple potions You see here a book of Burglary.
No target in view!
You see here a book of Burglary.
You pick up a book of Burglary and begin reading...
Unfortunately, you learned nothing new. 2 orcs come into view.
An orc is wielding a +2 short sword of electrocution.
Found 2 poisoned darts.
The orc shouts! x2; You hear a shout!
An orc comes into view. It is wielding a +0 club.
The orc attacks as you move away! The orc misses you.
The orc attacks as you move away!
The orc hits you with a +2 short sword of electrocution.
You are electrocuted!
The orc attacks as you move away! The orc hits you but does no damage.
The orc closely misses you. The orc attacks as you move away!
The orc hits you with a +2 short sword of electrocution.
You are electrocuted!
* * * LOW HITPOINT WARNING * * *
You scratch the orc.
The orc is severely wounded.
The orc closely misses you.
As you read the scroll of teleportation, it crumbles to dust.
You feel strangely unstable. The orc hits you but does no damage.
The orc closely misses you.
You closely miss the orc. Your claw misses the orc.
The orc is severely wounded.
You closely miss the orc.
The orc is severely wounded.
The orc hits you with a +2 short sword of electrocution.
* * * LOW HITPOINT WARNING * * *
You are electrocuted!
You die...

#.######......####.####
#...........### #.#
#...........# ..####
#...........# #####..
#.#.....##### ....>.
#.#.....######.. .#....
#............... .....#
#..###o######... ......
#..#oo@###.... ..##.#
#..#.###...# . #..
#...o....# # #..
#....o..###..# ###..#
#...........# >....#
#........#### .....#
#.......## ...)..
#.......# ......
#.......# ......


You could see 3 orcs.

Vanquished Creatures
  An orc priest (D:3)
  Terence (D:3)
  Natasha (thrice) (D:3)
  An orc wizard (D:3)
  2 worms (D:3)
  2 dart slugs (D:2)
  7 orcs (D:3)
  6 bats
  3 endoplasms (D:1)
  3 giant cockroaches
  6 goblins
  2 hobgoblins (D:3)
  2 quokkas
  6 ball pythons
  4 frilled lizards
  4 kobolds
  3 rats
56 creatures vanquished.

Notes
Turn   | Place    | Note
-------+----------+-------------------------------------------
     0 | D:1      | xian the Ghoul Gladiator began the quest for the Orb.
     0 | D:1      | Reached XP level 1. HP: 17/17 MP: 0/0
   210 | D:1      | Reached XP level 2. HP: 8/24 MP: 1/1
  1138 | D:2      | Found a hazy altar of Hepliaklqana.
  1162 | D:2      | Reached XP level 3. HP: 30/30 MP: 2/2
  1509 | D:2      | Found a faded altar of an unknown god.
  2103 | D:3      | Reached skill level 4 in Unarmed Combat
  2285 | D:3      | Noticed Terence
  2303 | D:3      | Killed Terence
  2304 | D:3      | Reached skill level 1 in Armour
  2304 | D:3      | Reached XP level 4. HP: 22/37 MP: 3/3
  2524 | D:3      | Noticed Natasha
  2531 | D:3      | Killed Natasha
  2591 | D:3      | Reached XP level 5. HP: 42/42 MP: 4/4
  2768 | D:3      | Noticed Natasha
  2775 | D:3      | Killed Natasha
  2792 | D:3      | Noticed Natasha
  2803 | D:3      | Killed Natasha
  2804 | D:3      | Reached skill level 5 in Unarmed Combat
  3101 | D:3      | Mangled by an orc

Illustrated notes

Levels and vault maps discovered:
D:1:      matt_arrival_los_fun, layout_loops_ring
D:2:      layout_basic, chequers_ecumenical_altar_simple, basic_altar,
          serial_corexii_hall, corexii_hall_statues_t, corexii_hall_statues_t
D:3:      cheibrodos_pilgrimage, layout_rooms, serial_shops, shop_fountains,
          nrook_loot_triangle, uniq_grinder, uniq_terence, uniq_natasha

Skill      XL: |  1  2  3  4  5 |
---------------+----------------+-----
Dodging        | 3 |  3.6
Unarmed Combat | 4 5 |  5.2
Throwing       | 2 |  2.1
Armour         | 1 |  1.9
Fighting       | |  2.7
Stealth        | |  0.2

Action                   |  1- 3 |  4- 6 || total
-------------------------+-------+-------++-------
Melee: Unarmed           |   132 |    51 ||   183
       Punch             |       |     2 ||     2
Throw: Throwing net      |     4 |       ||     4
  Use: Scroll            |       |     3 ||     3
Armor: Leather armour    |    44 |     7 ||    51
Dodge: Dodged            |    86 |    22 ||   108

Table legend: (Time is in decaauts)
 A = Elapsed time spent in this place.
 B = Non-inter-level travel time spent in this place.
 C = Inter-level travel time spent in this place.
 D = Time resting spent in this place.
 E = Time spent auto-exploring this place.
 F = Levels seen in this place.
 G = Mean time per level.
                   A        B        C        D        E       F      G
               +--------+--------+--------+--------+--------+-----+--------+
         Total |   3086 |   3086 |      0 |    586 |   1755 |   3 | 1028.7 |
       Dungeon |   3086 |   3086 |      0 |    586 |   1755 |   3 | 1028.7 |
               +--------+--------+--------+--------+--------+-----+--------+

Top non-repeatable levels by time:
     D:2: 1076 daAuts
     D:3: 1005 daAuts
     D:1: 1004 daAuts
